 Dungeon Crawl Stone Soup version 0.28.0 (webtiles) character file.

Game seed: 3325988881237086170

30 Snarg the Shield-Bearer (level 2, 0/22 HPs)
             Began as a Demigod Wanderer on Feb 15, 2022.
             Slain by a worm (6 damage)
             ... on level 2 of the Dungeon.
             The game lasted 00:04:45 (1543 turns).

Snarg the Shield-Bearer (Demigod Wanderer)          Turns: 1543, Time: 00:04:46

Health: 0/22       AC:  5    Str: 12    XL:     2   Next: 84%
Magic:  0/7        EV: 10    Int: 16    God:
Gold:   50         SH:  4    Dex: 12    Spells: 4/5 levels left

rFire   . . .      SeeInvis .   a - +0 dagger
rCold   . . .      Faith    .   c - +0 buckler {AC+3}
rNeg    . . .      Spirit   .   d - +0 robe
rPois   .          Reflect  .   (no helmet)
rElec   .          Harm     .   (no cloak)
rCorr   .          Rampage  .   (no gloves)
Will    .....                   (no boots)
Stlth   +.........              (no amulet)
HPRegen 0.07/turn               (no ring)
MPRegen 0.10/turn               (no ring)

@: no status effects
A: high MP 1, forlorn, divine attributes
a: no special abilities


You were on level 2 of the Dungeon.
You visited 1 branch of the dungeon, and saw 2 of its levels.

You collected 50 gold pieces.

Inventory:

Hand Weapons
 a - a +0 dagger (weapon)
 k - a +0 short sword
Missiles
 h - 35 stones (quivered)
Armour
 c - a +0 buckler of protection (worn)
 d - a +0 robe (worn)
Scrolls
 g - a scroll of holy word {unknown}
 i - a scroll of fear {unknown}
 j - a scroll of magic mapping {unknown}
 l - a scroll of identify {unknown}
Potions
 e - a potion of might {unknown}
 f - a potion of attraction {unknown}


   Skills:
 * Level 0.3 Fighting
 + Level 0.5 Short Blades
 - Level 1.7 Throwing
 + Level 1.0 Armour
 * Level 3.4 Shields
 - Level 2.0 Spellcasting
 + Level 1.9 Conjurations


You had 4 spell levels left.
You knew the following spells:

 Your Spells              Type           Power      Damage    Failure   Level
a - Magic Dart            Conj           28%        1d4       12%         1

Your spell library contained the following spells:

 Spells                   Type           Power      Damage    Failure   Level
 Stone Arrow              Conj/Erth      8%         3d7       50%         3


Dungeon Overview and Level Annotations

Branches:
Dungeon (2/15)

Annotations:
D:1 lr


Innate Abilities, Weirdness & Mutations

You have an increased reservoir of magic. (+10% MP)
You shall have no god before yourself.
Your divine heritage dramatically boosts your attributes as you level up.


Message History

Confirm with . or Enter, or press ? or * to list all spells.
Aiming: Magic Dart (safe; 12% risk of failure)
Press: ? - help, Shift-Dir - straight line, f/p - worm
Aim: a worm (heavily wounded, 100% to hit)
The magic dart hits the worm.
The worm is heavily wounded.
Casting: Magic Dart (safe; 12% risk of failure)
Confirm with . or Enter, or press ? or * to list all spells.
Aiming: Magic Dart (safe; 12% risk of failure)
Press: ? - help, Shift-Dir - straight line, f/p - worm
Aim: a worm (heavily wounded, 100% to hit)
The magic dart hits the worm.
The worm is severely wounded.
Casting: Magic Dart (safe; 12% risk of failure)
Confirm with . or Enter, or press ? or * to list all spells.
Aiming: Magic Dart (safe; 12% risk of failure)
Press: ? - help, Shift-Dir - straight line, f/p - worm
Aim: a worm (heavily wounded, 100% to hit)
The magic dart hits the worm.
The worm is severely wounded.
Casting: Magic Dart (safe; 12% risk of failure)
Confirm with . or Enter, or press ? or * to list all spells.
Aiming: Magic Dart (safe; 12% risk of failure)
Press: ? - help, Shift-Dir - straight line, f/p - worm
Aim: a worm (severely wounded, 100% to hit)
The magic dart hits the worm but does no damage.
The worm is severely wounded.
You aren't carrying any items that you can evoke.
Throw: 36 stones
Press: ? - help, Shift-Dir - straight line, f/p - worm
Aim: a worm (heavily wounded, 76% to hit)
You throw a stone.
The stone hits the worm but does no damage.
The worm is heavily wounded.
You completely miss the worm.
The worm is heavily wounded.
You hit the worm but do no damage.
The worm is heavily wounded.
The worm bites you.
You die...

#.# #.# #(# #.#
#.# #.# #.# #.#
#(# #.# #(# #.#
#.# #.#
#.############.##
#........(w@....#
#.############.##
### ###


You could see a worm.

Vanquished Creatures
  A worm (D:2)
  6 bats
  4 endoplasms (D:1)
  A goblin (D:1)
  3 hobgoblins (D:1)
  4 ball pythons (D:1)
  A frilled lizard (D:1)
  2 kobolds (D:1)
  5 rats
27 creatures vanquished.

Vanquished Creatures (others)
  5 toadstools (D:1)
5 creatures vanquished.

Grand Total: 32 creatures vanquished

Notes
Turn   | Place    | Note
-------+----------+-------------------------------------------
     0 | D:1      | Snarg the Demigod Wanderer began the quest for the Orb.
     0 | D:1      | Snarg set off with the following items: a +0 dagger, 14
                  | poisoned darts, a +0 buckler of protection, a +0 robe; and
                  | the following spell memorised: Magic Dart; and the
                  | following spells available to memorise: Stone Arrow
     0 | D:1      | Reached XP level 1. HP: 14/14 MP: 5/5
   283 | D:1      | Reached skill level 3 in Shields
   445 | D:1      | Reached XP level 2. HP: 21/22 MP: 4/7
  1543 | D:2      | Slain by a worm

Illustrated notes

Levels and vault maps discovered:
D:1:      ldierk_walled_garden, layout_basic,
          hellmonk_ecumenical_altar_inner_sanctum, st_stairs_7, chequers_avenue
D:2:      layout_basic, st_stairs_11

Skill      XL: |  1 |
---------------+----+-----
Spellcasting   | 2 |  2.0
Shields        | 3 |  3.4
Fighting       | |  0.3
Short Blades   | |  0.5
Throwing       | |  1.7
Armour         | |  1.0
Conjurations   | |  1.9

Action                   || total
-------------------------++-------
Melee: Dagger            ||    74
Throw: Dart              ||    18
       Stone             ||     1
 Cast: Magic Dart        ||    53
 Stab: Sleeping          ||     1
Armor: Robe              ||    36
Dodge: Dodged            ||    41
Block: Buckler           ||    21
